 Dungeon Crawl Stone Soup version 0.23.0 (webtiles) character file.

Game seed: 9398566423427761018

2200 Murks the Spear-Bearer (level 9, -1/73 HPs)
             Began as a Naga Gladiator on Feb 16, 2019.
             Was a Priest of Cheibriados.
             Slain by a crocodile (9 damage)
             ... on level 7 of the Dungeon.
             The game lasted 00:41:59 (7234 turns).

Murks the Spear-Bearer (Naga Gladiator)             Turns: 7234, Time: 00:42:00

Health: -1/73      AC:  6    Str: 30    XL:     9   Next: 34%
Magic:  10/11      EV: 11    Int: 20    God:    Cheibriados [***...]
Gold:   127        SH:  0    Dex: 23    Spells: 8/8 levels left

rFire    + + .     SeeInvis +   D - +0 halberd (vamp)
rCold    . . .     Gourm    .   (shield currently unavailable)
rNeg     . . .     Faith    .   y - +0 leather armour of Oraviman {rF+ rCorr}
rPois    +         Spirit   .   d - +1 helmet {Int+3}
rElec    .         Reflect  .   (no cloak)
rCorr    +         Harm     .   (no gloves)
MR       +....                  (no barding)
Stlth    +++.......             (no amulet)
HPRegen  0.22/turn              p - ring of protection from fire
MPRegen  0.12/turn              o - +5 ring of strength

@: invisible, very slow
A: large, see invisible, deformed body, poison resistance, slowness 2, slow
metabolism 1, spit poison 1, AC +3
a: Spit Poison, Bend Time, Temporal Distortion, Renounce Religion


You were on level 7 of the Dungeon.
You worshipped Cheibriados.
Cheibriados was most pleased with you.
You were not hungry.

You visited 2 branches of the dungeon, and saw 8 of its levels.
You also visited: Ossuary.

You collected 329 gold pieces.
You spent 202 gold pieces at shops.

Inventory:

Hand Weapons
 a - a +0 trident
 m - a +1 dagger of electrocution
 D - a +0 vampiric halberd (weapon)
Missiles
 i - 94 stones
 q - 10 tomahawks (quivered)
Armour
 d - a +1 helmet of intelligence (worn)
 e - a +3 ring mail
 u - a +1 chain mail of cold resistance
 y - the +0 leather armour of Oraviman (worn) {rF+ rCorr}
   (You found it on level 4 of the Dungeon)

   It protects you from fire.
   It provides partial protection from all sources of acid and corrosion.
Jewellery
 o - a +5 ring of strength (right hand)
 p - a ring of protection from fire (left hand)
Wands
 j - a wand of disintegration (9)
 v - a wand of enslavement (8)
Scrolls
 b - 2 scrolls of enchant armour {unknown}
 g - a scroll of fog
 h - 4 scrolls of teleportation {unknown}
 k - 2 scrolls of blinking
 l - 6 scrolls of identify {unknown}
 n - a scroll of remove curse
 s - a scroll of fear {unknown}
 x - 3 scrolls of enchant weapon {unknown}
 A - 3 scrolls of magic mapping {unknown}
 B - a scroll of silence {unknown}
Potions
 c - a potion of curing
 w - 5 potions of lignification {unknown}
 z - a potion of flight {unknown}
 C - a potion of haste {unknown}
Comestibles
 f - 7 rations


   Skills:
 - Level 2.0 Fighting
 * Level 11.1 Polearms
 - Level 1.7 Throwing
 - Level 2.4 Dodging
 - Level 6.0 Stealth
 + Level 3.6 Invocations


You had 8 spell levels left.
You didn't know any spells.
Your spell library was empty.

Dungeon Overview and Level Annotations

Branches:
Dungeon (7/15)             Temple (1/1) D:4

Altars:
Ashenzari
Cheibriados
Elyvilon
Gozag
Hepliaklqana
Kikubaaqudgha
Makhleb
Okawaru
Qazlal
Sif Muna
Uskayaw
Wu Jian
Yredelemnul
Zin
The Shining One

Shops:
D:5 [


Innate Abilities, Weirdness & Mutations

You cannot wear boots.
Your serpentine skin is tough. (AC +3)
You have supernaturally acute eyesight. (SInv)
Armour fits poorly on your strangely shaped body.
Your system is resistant to poisons. (rPois)
You cover ground very slowly.
You have a slow metabolism.
You can spit poison.


Message History

* * * LOW HITPOINT WARNING * * *
You barely miss the leopard gecko. The leopard gecko barely misses you.
The leopard gecko bites you but does no damage.
The iguana closely misses you.
You miss the leopard gecko.
The leopard gecko is no longer moving slowly.
The leopard gecko barely misses you. The leopard gecko misses you.
The iguana bites you but does no damage.
The leopard gecko bites you.
* * * LOW HITPOINT WARNING * * *
You slash the leopard gecko!
You kill the leopard gecko!
Cheibriados thoroughly appreciates the change of pace.
The iguana bites you.
* * * LOW HITPOINT WARNING * * *
The leopard gecko closely misses you.
It was a potion of invisibility.
You fade into invisibility!
The crocodile bites you!
You die...

####### ###.....##
###.§§l§§..##
#P.Plllt§...#
#@§§...# #§§§...#
#§§§...# ..#######
#......# ........#
###......#
........###........#
..######...........#
####...........#
####..............#


You could see a crocodile, an iguana, 2 leopard geckos and a frilled lizard.

Vanquished Creatures
  Grinder (D:3)
  Sigmund (D:4)
  An orc warrior (D:7)
  2 ice beasts
  A centaur (D:6)
  4 ogres
  A bullfrog (D:6)
  A water moccasin zombie (Ossuary)
  A water moccasin skeleton (D:4)
  A bullfrog zombie (D:6)
  A quasit (D:5)
  2 hounds (D:6)
  A gnoll shaman (D:5)
  A jelly (D:5)
  3 orc wizards
  Terence (D:3)
  Natasha (thrice) (D:4)
  4 iguanas
  5 worker ants
  A big kobold zombie (Ossuary)
  2 hound zombies
  A hound skeleton (D:4)
  2 mummies (Ossuary)
  A worker ant zombie (D:7)
  9 gnolls
  7 adders
  2 shadow imps
  5 adder zombies (Ossuary)
  A worm (D:3)
  A dart slug (D:2)
  4 leopard geckos
  15 orcs
  7 giant cockroaches
  12 goblins
  8 hobgoblins
  2 quokkas
  A ball python (D:6)
  7 bats
  6 frilled lizards
  A giant cockroach zombie (D:5)
  2 gnoll zombies (Ossuary)
  4 hobgoblin zombies (Ossuary)
  2 jackal skeletons
  9 kobolds
  6 kobold zombies (Ossuary)
  6 orc zombies (Ossuary)
  3 rats (D:1)
162 creatures vanquished.

Vanquished Creatures (others)
  A plant (D:7)
1 creature vanquished.

Grand Total: 163 creatures vanquished

Notes
Turn   | Place    | Note
-------+----------+-------------------------------------------
     0 | D:1      | Murks the Naga Gladiator began the quest for the Orb.
     0 | D:1      | Reached XP level 1. HP: 19/19 MP: 1/1
    89 | D:1      | Reached skill level 1 in Stealth
   107 | D:1      | Reached XP level 2. HP: 26/26 MP: 2/2
   560 | D:1      | Reached XP level 3. HP: 32/32 MP: 3/3
   938 | D:2      | Reached skill level 4 in Polearms
  1087 | D:2      | Reached XP level 4. HP: 32/39 MP: 4/4
  1487 | D:2      | Found a basalt altar of Yredelemnul.
  1957 | D:3      | Reached XP level 5. HP: 39/45 MP: 5/5
  1988 | D:3      | Noticed Terence
  2002 | D:3      | Killed Terence
  2002 | D:3      | Reached skill level 5 in Polearms
  2078 | D:3      | Found an iron altar of Okawaru.
  2727 | D:3      | Noticed Grinder
  2732 | D:3      | Paralysed by Grinder for 3 turns
  2743 | D:3      | Killed Grinder
  2743 | D:3      | Reached skill level 6 in Polearms
  2743 | D:3      | Reached skill level 5 in Stealth
  2743 | D:3      | Reached XP level 6. HP: 20/52 MP: 6/6
  3318 | D:4      | Reached XP level 7. HP: 59/60 MP: 7/7
  3349 | D:4      | Noticed Natasha
  3361 | D:4      | Killed Natasha
  3451 | D:4      | Noticed Natasha
  3492 | D:4      | Killed Natasha
  3492 | D:4      | Reached skill level 7 in Polearms
  3527 | D:4      | Noticed Natasha
  3532 | D:4      | Killed Natasha
  3544 | D:4      | Found a staircase to the Ecumenical Temple.
  3550 | D:4      | Got a faintly humming leather armour
  3555 | Temple   | Entered the Ecumenical Temple
  3567 | Temple   | Identified the cursed +0 leather armour of Oraviman {rF+
                  | rCorr} (You found it on level 4 of the Dungeon)
  3594 | Temple   | Became a worshipper of Cheibriados the Contemplative
  4081 | D:4      | Noticed Sigmund
  4096 | D:4      | Killed Sigmund
  4096 | D:4      | Reached skill level 8 in Polearms
  4386 | D:4      | Reached XP level 8. HP: 17/67 MP: 8/8
  4826 | D:5      | Entered Level 5 of the Dungeon
  4835 | D:5      | Found Ywenyton's Antique Armour Emporium.
  5030 | D:5      | Bought a glowing helmet for 202 gold pieces
  5073 | D:5      | Found a glowing silver altar of Zin.
  5100 | D:5      | Found a sand-covered staircase.
  5104 | Ossuary  | Entered an ossuary
  5131 | Ossuary  | Reached skill level 9 in Polearms
  5181 | Ossuary  | Reached * piety under Cheibriados
  5852 | D:5      | Reached ** piety under Cheibriados
  5999 | D:6      | Reached skill level 10 in Polearms
  6259 | D:6      | Reached skill level 1 in Invocations
  6428 | D:6      | Reached XP level 9. HP: 41/73 MP: 10/10
  6837 | D:7      | Reached *** piety under Cheibriados
  7051 | D:7      | Reached skill level 11 in Polearms
  7234 | D:7      | Slain by a crocodile

Skill      XL: |  1  2  3  4  5  6  7  8  9 |
---------------+----------------------------+-----
Stealth        | 1 2 3 5 6 |  6.0
Polearms       | 4 6 8 10 11 | 11.1
Invocations    | 2 3 |  3.6
Fighting       | |  2.0
Throwing       | |  1.7
Dodging        | |  2.4

Action                   |  1- 3 |  4- 6 |  7- 9 || total
-------------------------+-------+-------+-------++-------
Melee: Trident           |    88 |   101 |   263 ||   452
       Dagger            |       |       |    70 ||    70
       Halberd           |       |       |    43 ||    43
Throw: Stone             |    25 |    32 |     8 ||    65
       Throwing net      |       |     3 |     2 ||     5
       Tomahawk          |       |       |    10 ||    10
Invok: Bend Time         |       |       |     4 ||     4
 Abil: Spit Poison       |     6 |    12 |    18 ||    36
  Use: Potion            |       |     2 |     7 ||     9
       Scroll            |       |       |     5 ||     5
 Stab: Sleeping          |     1 |     8 |     9 ||    18
       Distracted        |     1 |       |       ||     1
  Eat: Chunk             |       |     6 |     5 ||    11
       Ration            |       |       |     4 ||     4
Armor: Leather armour    |    22 |     7 |   112 ||   141
       Ring mail         |       |     8 |    13 ||    21
Dodge: Dodged            |    35 |    50 |   215 ||   300
